 Dungeon Crawl Stone Soup version 0.29.1-13-g9f3cf754e1 (webtiles) character file.

Game seed: 7432147078705292982

11145 concernfroge the Nimble (level 11, -2/62 HPs)
             Began as a Felid Transmuter on Jan 23, 2023.
             Was a Priest of Wu Jian.
             Shot with an arrow by a centaur warrior (23 damage)
             ... on level 11 of the Dungeon.
             The game lasted 01:10:20 (15592 turns).

concernfroge the Nimble (Felid Transmuter)         Turns: 15592, Time: 01:10:20

Health: -2/62      AC:  8    Str:  8    XL:     11   Next: 45%
Magic:  6/21       EV: 19    Int: 15    God:    Wu Jian [***...]
Gold:   40         SH:  0    Dex: 25    Spells: 0/22 levels left
                                        Lives:  0   Deaths: 3

rFire   x . .      SeeInvis +     - Unarmed
rCold   + + +      Faith    .   (shield unavailable)
rNeg    . . .      Spirit   .   (body armour unavailable)
rPois   +          Reflect  .   (helmet unavailable)
rElec   .          Harm     .   (cloak unavailable)
rCorr   .          Rampage  .   (gloves unavailable)
Will    +....                   (boots unavailable)
Stlth   +++.......              l - amulet of Vufie {RegenMP Fragile Fly Dex+6 Stlth+}
HPRegen 0.20/turn               D - ring of poison resistance
MPRegen 0.57/turn               B - +4 ring of slaying

@: ice-form, flying
A: freezing attack, amphibious, boosted hp, large, (claws 1), (fangs 3), see
invisible, (speed 1), (shaggy fur 3), (stealthy paws), no weapons or thrown
items, no armour, multi-lived
a: End Transformation, Renounce Religion, Wall Jump, Serpent's Lash


You were on level 11 of the Dungeon.
You worshipped Wu Jian.
Wu Jian was most pleased with you.
You were a creature of crystalline ice.
You visited 2 branches of the dungeon, and saw 12 of its levels.

You collected 505 gold pieces.
You spent 465 gold pieces at shops.

Inventory:

Jewellery
 l - the amulet of Vufie (around neck) {RegenMP Fragile Fly Dex+6 Stlth+}
   (You took it off an orc warrior on level 9 of the Dungeon)

   [amulet of magic regeneration]

   It increases your rate of magic regeneration.
   Dex:       It affects your dexterity (+6).
   Fly:       It grants you flight.
   Fragile:   It will be destroyed if unequipped.
   Stlth:     It makes you more stealthy.
 n - a ring of ice
 t - a ring of magical power
 u - the ring of Terra Nullius {Ice Str+5}
   (You took it off an orc wizard on level 9 of the Dungeon)

   [ring of ice]

   It enhances your ice magic.
   Str:       It affects your strength (+5).
   rF:        It makes you vulnerable to fire.
   rC:        It protects you from cold.
 w - a ring of positive energy
 x - a ring of protection from cold
 z - a ring of wizardry
 A - an amulet of the acrobat
 B - a +4 ring of slaying (right front paw)
 D - a ring of poison resistance (left front paw)
 E - a ring of resist corrosion
 F - a ring of fire
Wands
 c - a wand of iceblast (3)
 k - a wand of digging (6)
 o - a wand of mindburst (7)
 q - a wand of flame (1)
 C - a wand of polymorph (7)
Scrolls
 b - 3 scrolls of blinking
 d - a scroll of fear {unknown}
 g - a scroll of acquirement {unknown}
 i - 4 scrolls of noise
 j - 5 scrolls of teleportation
 m - 4 scrolls of magic mapping
 p - 2 scrolls of torment {unknown}
 r - a scroll of butterflies {unknown}
 v - a scroll of enchant armour {unknown}
 y - a scroll of enchant weapon {unknown}
Potions
 a - 2 potions of lignification
 e - 4 potions of attraction
 f - 2 potions of brilliance
 h - 2 potions of curing
 s - 2 potions of flight
Miscellaneous
 G - a condenser vane


   Skills:
 + Level 8.5 Fighting
 + Level 11.7 Dodging
 + Level 9.1 Unarmed Combat
 + Level 6.2 Spellcasting
 + Level 10.6 Translocations
 + Level 6.2 Transmutations
 - Level 8.0 Ice Magic
 + Level 2.1 Poison Magic


You couldn't memorise any spells.
You knew the following spells:

 Your Spells              Type           Power      Damage    Failure   Level
a - Beastly Appendage     Tmut           46%        N/A       1%          1
b - Wereblood             Tmut           23%        N/A       1%          2
c - Blink                 Tloc           72%        N/A       1%          2
d - Spider Form           Tmut/Pois      17%        N/A       8%          3
e - Manifold Assault      Tloc           36%        N/A       4%          5
f - Ice Form              Ice/Tmut       26%        N/A       8%          4
g - Borgnjor's Vile Clut  Necr/Erth      2%         N/A       99%         5

Your spell library contained the following spells:

 Spells                   Type           Power      Damage    Failure   Level
 Lesser Beckoning         Tloc           36%        N/A       1%          3
 Animate Dead             Necr           4%         N/A       82%         4
 Death Channel            Necr           2%         N/A       100%        6


Dungeon Overview and Level Annotations

Branches:
Dungeon (11/15)            Temple (1/1) D:7
   Lair: D:8-11         Orc: D:9-12

Altars:
Ashenzari
Cheibriados
Dithmenos
Elyvilon
Fedhas
Gozag
Hepliaklqana
Kikubaaqudgha
Makhleb
Nemelex Xobeh
Okawaru
Qazlal
Ru
Sif Muna
Trog
Uskayaw
Vehumet
Wu Jian
Xom
Yredelemnul
Zin
The Shining One

Shops:
D:6 =   D:10 ?

Annotations:
D:4 3 runed translucent doors, exclusion: 3 doors, THTSBRD's ghost, amateur DjGl
D:5 exclusion: 2 doors
D:7 1 runed translucent door, exclusion: door, cowcol's ghost, novice MiMo
D:10 2 runed translucent doors, exclusion: 2 doors


Innate Abilities, Weirdness & Mutations

You are a creature of crystalline ice.
You have a powerful freezing melee attack.
You are amphibious.
Your maximum health is increased.
((You have sharp claws.))
((You have razor-sharp teeth.))
You have supernaturally acute eyesight. (SInv)
((You cover ground quickly. (Speed+)))
((Your thick and shaggy fur keeps you warm. (AC +3, rC+)))
((Your paws help you pounce on unaware monsters.))
You are incapable of wielding weapons or throwing items.
You cannot wear armour.
You gain extra lives every three experience levels.


Message History

The gargoyle is moderately damaged.
Your primal bloodlust is almost over.
The gargoyle hits you with a +0 flail.
You hit the gargoyle. You freeze the gargoyle.
The gargoyle is heavily damaged.
You punch the gargoyle! You freeze the gargoyle.
The gargoyle is almost destroyed.
The gargoyle hits you with a +0 flail!
The centaur warrior shouts!
You hit the gargoyle. You freeze the gargoyle.
You feel a bit better.
You destroy the gargoyle!
The Council accepts your kill.
The centaur wields a +0 shortbow.
The centaur shoots an arrow.
The arrow closely misses you.
Your Poison Magic skill increases to level 2!
You punch the vampire mosquito! You freeze the vampire mosquito.
You feel a bit better.
You destroy the vampire mosquito!
The Council accepts your kill.
The centaur shoots an arrow.
The arrow misses you.
The centaur warrior shoots an arrow.
The arrow misses you.
The centaur unwields a +0 shortbow.
The centaur closely misses you. The centaur barely misses you.
The centaur warrior shoots an arrow.
The arrow misses you.
You see here a +0 flail.
You pummel the centaur!! You freeze the centaur.
You feel a bit better.
You kill the centaur!
The Council accepts your kill.
You howl as the wereblood boils in your veins!
The centaur warrior shoots an arrow.
The arrow hits you!
Okay, then.
Aiming: Iceblast
Press: ? - help, Shift-Dir - straight line, f - centaur warrior
Aim: a centaur warrior, wielding a +0 longbow (moderately wounded)
The mass of ice explodes!
The iceblast engulfs the centaur warrior!
The centaur warrior is heavily wounded.
Your primal bloodlust has ended.
The centaur warrior shoots an arrow.
The arrow hits you!!
You die...

### ### ... ..#
#####.##.############ #
...#....##..........
...#.##.###..##..........
....c.)†Y................
..####)###..............
#..†........#'#......#
#.##.###....#.#.####[# #
#........#.#.# #
......#.##.#.# ####
.#######.##.#.# ...c ..
#...<..#


.cc #. ######## You could see a centaur warrior.

Vanquished Creatures
  A boulder beetle (D:9)
  A centaur warrior (D:9)
  Amaemon (D:8)
  2 cyclopes (D:9)
  An orange demon (D:8)
  A gargoyle (D:11)
  Maggie (D:8)
  Psyche (D:10)
  4 trolls
  A slime creature (D:9)
  A vampire (D:9)
  A shadow (D:9)
  2 wyverns
  A wraith (D:10)
  7 yaks
  Grum (D:10)
  2 steam dragons
  10 vampire mosquitoes
  3 acid dragons
  3 orc warriors
  An ice beast (D:5)
  2 black bears (D:8)
  2 ogres
  11 centaurs
  4 wolves (D:10)
  A phantom (D:5)
  4 kobold brigands
  7 bullfrogs
  2 necrophages (D:6)
  5 scorpions
  6 wights (D:9)
  8 killer bees
  An electric eel (D:5)
  4 howler monkeys
  3 jellies
  2 gnoll boudas
  6 orc priests
  3 hounds
  10 orc wizards
  2 iguanas
  A hound zombie (D:2)
  Robin (D:4)
  13 gnolls
  12 adders
  A shadow imp (D:8)
  4 white imps
  2 ufetubi (D:5)
  2 adder skeletons (D:2)
  2 worms
  2 dart slugs
  18 orcs
  7 ball pythons
  A bat zombie (D:2)
  11 endoplasms
  2 giant cockroaches
  12 hobgoblins
  3 jackals (D:4)
  4 quokkas
  7 bats
  3 frilled lizards (D:1)
  14 goblins (D:4)
  16 kobolds
  3 quokka skeletons (D:2)
  A quokka zombie (D:2)
  13 rats
284 creatures vanquished.

Vanquished Creatures (others)
  21 plants
  3 withered plants (D:2)
24 creatures vanquished.

Grand Total: 308 creatures vanquished

Notes
Turn   | Place    | Note
-------+----------+-------------------------------------------
     0 | D:1      | concernfroge the Felid Transmuter began the quest for the
                  | Orb.
     0 | D:1      | Reached XP level 1. HP: 9/9 MP: 4/4
    91 | D:1      | Reached skill level 3 in Dodging
   124 | D:1      | Reached XP level 2. HP: 7/12 MP: 4/6
   308 | D:1      | Learned a level 2 spell: Wereblood
   600 | D:1      | Reached XP level 3. HP: 16/16 MP: 3/7
   629 | D:1      | Learned a level 2 spell: Blink
  1774 | D:2      | Reached skill level 1 in Translocations
  1774 | D:2      | Reached XP level 4. HP: 19/19 MP: 4/8
  1805 | D:2      | Found a shimmering altar of Xom.
  2629 | D:3      | Reached XP level 5. HP: 22/22 MP: 5/9
  2894 | D:3      | Reached skill level 4 in Dodging
  3359 | D:3      | Found a faded altar of an unknown god.
  3391 | D:3      | Learned a level 3 spell: Spider Form
  3843 | D:4      | Found a runed translucent gate.
  3843 | D:4      | Found a runed translucent gate.
  3846 | D:4      | Found a runed translucent gate.
  3870 | D:4      | Noticed THTSBRD's ghost (amateur DjGl)
  4004 | D:4      | Noticed an ogre
  4011 | D:4      | Killed an ogre
  4012 | D:4      | Gained mutation: You are covered in thick fur. (AC +2)
                  | [Felid growth]
  4012 | D:4      | Reached XP level 6. HP: 27/27 MP: 9/11
  4482 | D:4      | Splashed by a jelly's acid
  4483 | D:4      | Reached XP level 5. HP: -1/24 MP: 9/10
  4658 | D:4      | Noticed Robin
  4686 | D:4      | Reached XP level 6. HP: 28/28 MP: 6/11
  4854 | D:4      | Killed Robin
  5161 | D:5      | Entered Level 5 of the Dungeon
  5553 | D:5      | Reached skill level 5 in Dodging
  5776 | D:4      | Reached XP level 7. HP: 31/31 MP: 13/13
  6612 | D:5      | Noticed a yak
  6622 | D:5      | Killed a yak
  6623 | D:5      | Reached skill level 5 in Translocations
  6919 | D:6      | Reached skill level 5 in Unarmed Combat
  7345 | D:6      | Reached skill level 6 in Dodging
  7345 | D:6      | Reached XP level 8. HP: 33/36 MP: 15/15
  7561 | D:6      | Found Xecet's Jewellery Boutique.
  7843 | D:5      | Reached skill level 5 in Transmutations
  9359 | D:7      | Found a runed translucent door.
  9359 | D:7      | Noticed cowcol's ghost (novice MiMo)
  9510 | D:7      | Found a staircase to the Ecumenical Temple.
  9524 | Temple   | Entered the Ecumenical Temple
  9723 | Temple   | Became a worshipper of the Wu Jian Council
  9778 | D:6      | Bought an amulet of the acrobat for 360 gold pieces
  9791 | D:6      | Learned a level 5 spell: Manifold Assault
 10132 | D:8      | Reached skill level 7 in Dodging
 10221 | D:8      | Found a shimmering blue altar of Sif Muna.
 10489 | D:8      | Noticed Amaemon
 10496 | D:8      | Noticed an orange demon
 10497 | D:8      | Killed Amaemon
 10498 | D:8      | Reached skill level 5 in Fighting
 10498 | D:8      | Reached skill level 5 in Spellcasting
 10498 | D:8      | Reached XP level 9. HP: 40/40 MP: 13/17
 10582 | D:8      | Killed an orange demon
 10583 | D:8      | Reached skill level 8 in Dodging
 10599 | D:8      | HP: 2/40 [orc priest/divine providence (11)]
 10600 | D:8      | Killed from afar by an orc priest
 10601 | D:8      | Reached XP level 8. HP: -11/37 MP: 15/16
 10662 | D:8      | Reached * piety under Wu Jian
 10899 | D:8      | Reached XP level 9. HP: 13/41 MP: 16/18
 11377 | D:8      | Noticed Maggie
 11385 | D:8      | Killed Maggie
 11831 | D:8      | Reached skill level 9 in Dodging
 11842 | D:8      | Noticed a troll
 11859 | D:8      | Killed a troll
 12089 | D:8      | Reached ** piety under Wu Jian
 12497 | D:8      | Found a radiant altar of Vehumet.
 12945 | D:9      | Reached XP level 10. HP: 32/44 MP: 5/20
 13236 | D:9      | Found a shimmering blue altar of Sif Muna.
 13236 | D:9      | Found a broken altar of Ashenzari.
 13239 | D:9      | Found an opulent altar of Gozag.
 13239 | D:9      | Found an iron altar of Okawaru.
 13276 | D:9      | Noticed a centaur warrior
 13297 | D:9      | Reached skill level 10 in Dodging
 13301 | D:9      | Killed a centaur warrior
 13302 | D:9      | Reached skill level 10 in Translocations
 13320 | D:9      | Noticed a boulder beetle
 13558 | D:9      | Noticed a cyclops
 13562 | D:9      | Killed a cyclops
 13562 | D:9      | Noticed a skeletal warrior
 13645 | D:9      | Noticed a cyclops
 13661 | D:9      | Killed a cyclops
 13691 | D:9      | Noticed a boulder beetle
 13707 | D:9      | Killed a boulder beetle
 13708 | D:9      | Reached skill level 11 in Dodging
 13866 | D:9      | Identified the ring of Terra Nullius {Ice Str+5}
 13866 | D:9      | HP: 2/48 [slime creature (21)]
 13869 | D:9      | Identified the amulet of Vufie {RegenMP Fragile Fly Dex+6
                  | Stlth+}
 13880 | D:9      | Reached *** piety under Wu Jian
 13881 | D:9      | Reached XP level 11. HP: 7/51 MP: 16/21
 14138 | D:9      | Learned a level 4 spell: Ice Form
 14144 | D:9      | Learned a level 5 spell: Borgnjor's Vile Clutch
 14440 | D:10     | Entered Level 10 of the Dungeon
 14440 | D:10     | Noticed Grum
 14461 | D:10     | Killed Grum
 14478 | D:10     | Gained mutation: Your thick and shaggy fur keeps you warm.
                  | (AC +3, rC+) [Felid growth]
 14478 | D:10     | Reached XP level 12. HP: 55/55 MP: 22/22
 14488 | D:10     | Reached skill level 1 in Poison Magic
 14887 | D:10     | Found a runed translucent door.
 14924 | D:10     | Found Fukassur's Magic Scroll Boutique.
 14936 | D:10     | Bought a scroll of identify for 30 gold pieces
 14936 | D:10     | Bought a scroll of identify for 30 gold pieces
 14936 | D:10     | Bought a scroll of teleportation for 45 gold pieces
 15049 | D:10     | Found a runed translucent door.
 15238 | D:10     | Noticed Psyche
 15247 | D:10     | Killed Psyche
 15475 | D:10     | Noticed a boulder beetle
 15552 | D:11     | Noticed a centaur warrior
 15555 | D:11     | Shot with an arrow by a centaur warrior
 15556 | D:11     | Reached XP level 11. HP: 0/62 MP: 13/21
 15592 | D:11     | Shot with an arrow by a centaur warrior

Illustrated notes

Levels and vault maps discovered:
D:1:      mrwooster_arrival_statue_3, layout_basic, lexackson_kobold_supper
D:2:      layout_basic, basic_altar, serial_undead, serial_undead_a,
          serial_undead_f, serial_undead_b, serial_undead_f, serial_undead_d
D:3:      layout_basic, hellmonk_ecumenical_altar_leap_of_faith
D:4:      kennysheep_goblin_castle, layout_basic, gammafunk_ghost_necromancy
D:5:      cheibrodos_two_vegetables, layout_gridville, minivault_19,
          minmay_liquid_box, minmay_misc_feat_tiny
D:6:      layout_gridville, serial_shops, nicolae_shop_crystal,
          kennysheep_generic_room_13
D:7:      layout_loops_ring, minmay_temple_entry_mini_moons,
          hellmonk_ghost_happy_afterlife
D:8:      layout_loops_ring, mainiacjoe_overflow_swirl, kennysheep_kite_vault,
          uniq_maggie, uniq_amaemon
D:9:      minmay_the_grid_octo_tiled_squarecenter
          [minmay_the_grid_octo_tetromino_candy, minmay_the_grid_octo_clover,
          minmay_the_grid_octo_shrine, minmay_the_grid_octo_checkered,
          minmay_the_grid_square_5x5_megaprize_diamond,
          minmay_the_grid_square_5x5_sharp_hourglass,
          minmay_the_grid_square_5x5_minibox, minmay_the_grid_square_5x5_seven,
          minmay_the_grid_square_5x5_bite], layout_cave_pools
D:10:     cheibrodos_histonic, layout_basic, serial_shops, shop_scrolls,
          uniq_psyche, uniq_grum
D:11:     layout_basic, lair_entry_dummy
Temple:   nicolae_temple_bog_church

Skill      XL: |  1  2  3  4  5  6  7  8  9 10 11 12 |
---------------+-------------------------------------+-----
Dodging        | 3 4 5 6 7 9 11 | 11.7
Fighting       | 2 3 4 5 6 8 |  8.5
Translocations | 1 3 4 5 8 9 10 | 10.6
Transmutations | 3 4 6 |  6.2
Unarmed Combat | 4 5 6 7 8 9 |  9.1
Spellcasting   | 3 4 5 6 |  6.2
Ice Magic      | 7 8 |  8.0
Poison Magic   | 2 1 |  2.1

Action                   |  1- 3 |  4- 6 |  7- 9 | 10-12 || total
-------------------------+-------+-------+-------+-------++-------
Melee: Unarmed           |   111 |   207 |   377 |   205 ||   900
       Bite              |     9 |    23 |    41 |     4 ||    77
       Headbutt          |    14 |    42 |    63 |     9 ||   128
       Punch             |     5 |     6 |    11 |     1 ||    23
 Cast: Beastly Appendage |    15 |    36 |    43 |     6 ||   100
       Wereblood         |     4 |    27 |    32 |    10 ||    73
       Blink             |       |       |     1 |     2 ||     3
       Manifold Assault  |       |       |     4 |    18 ||    22
       Spider Form       |       |       |     3 |    12 ||    15
       Ice Form          |       |       |       |     3 ||     3
Invok: Lunge             |       |       |    10 |    10 ||    20
       Whirlwind         |       |       |    11 |    21 ||    32
 Abil: End Transformatio |       |       |       |     1 ||     1
       Wall Jump         |       |       |       |     1 ||     1
Evoke: Wand              |       |       |    20 |    12 ||    32
  Use: Scroll            |       |     8 |     4 |     4 ||    16
       Potion            |       |     1 |     9 |     5 ||    15
 Stab: Sleeping          |     2 |     4 |     1 |     4 ||    11
       Paralysed         |       |       |    16 |       ||    16
       Distracted        |       |       |       |     1 ||     1
       Invisible         |       |       |       |     1 ||     1
Armor: Skin              |     4 |     9 |    15 |     4 ||    32
Dodge: Dodged            |    83 |   170 |   311 |   246 ||   810
